SKY
CALIFORNIA ANGELS @ LAS VEGAS KNIGHTS
09/28/2052
 
TOP OF THE 1ST
California Angels batting - Pitching for Las Vegas Knights : LHP Christian Perino
Pitching: LHP Christian Perino
Batting: RHB Isaac Keenan 0-0: Ball
1-0: Fly out, F8 (Flyball, 8RM, EV 88.1 MPH)
Batting: RHB River Grote 0-0: Swinging Strike
0-1: Ground out 6-3 (Groundball, 6, EV 79.4 MPH)
Batting: SHB Michael Dodson 0-0: Called Strike
0-1: Ball
1-1: Swinging Strike
1-2: Ball
2-2: Ground out 5-3 (Groundball, 56, EV 103.8 MPH)
Top of the 1st over - 0 runs, 0 hits, 0 errors, 0 left on base; California 0 - Las Vegas 0
BOTTOM OF THE 1ST
Las Vegas Knights batting - Pitching for California Angels : RHP Ambler Bateman
Pitching: RHP Ambler Bateman
Batting: RHB Jonathan Madriz 0-0: Ball
1-0: Foul Ball, location: 25F
1-1: Fly out, F3 (Popup, 23F, EV 88.1 MPH)
Batting: RHB Tyler Sexton 0-0: Swinging Strike
0-1: Called Strike
0-2: Hit by Pitch
Batting: SHB Cooper Maciel 0-0: Called Strike
0-1: Swinging Strike
0-2: Foul Ball, location: 7LSF
0-2: Ball
1-2: Grounds into double play, 4-6-3 (Groundball, 4, EV 79.4 MPH)
Bottom of the 1st over - 0 runs, 0 hits, 0 errors, 0 left on base; California 0 - Las Vegas 0
TOP OF THE 2ND
California Angels batting - Pitching for Las Vegas Knights : LHP Christian Perino
Batting: RHB Luke Storey 0-0: Foul Ball, location: 5DF
0-1: Called Strike
0-2: Foul Ball, location: 2LF
0-2: Strikes out looking
Batting: RHB Reed Sinclair 0-0: Ground out 5-3 (Groundball, 5S, EV 66.9 MPH)
Batting: RHB Abraham Whiteman 0-0: Swinging Strike
0-1: Ground out 6-3 (Groundball, 6, EV 108.8 MPH)
Top of the 2nd over - 0 runs, 0 hits, 0 errors, 0 left on base; California 0 - Las Vegas 0
BOTTOM OF THE 2ND
Las Vegas Knights batting - Pitching for California Angels : RHP Ambler Bateman
Batting: RHB Jackson Dziedzic 0-0: Ball
1-0: Ball
2-0: Foul Ball, location: 5F
2-1: Ground out 5-3 (Groundball, 56, EV 91.9 MPH)
Batting: RHB Richard Gittens 0-0: Ball
1-0: Called Strike
1-1: Ball
2-1: Called Strike
2-2: Ground out 4-3 (Groundball, 4, EV 106.9 MPH)
Batting: RHB Sam Graham 0-0: Called Strike
0-1: Ground out 6-3 (Groundball, 6, EV 87.5 MPH)
Bottom of the 2nd over - 0 runs, 0 hits, 0 errors, 0 left on base; California 0 - Las Vegas 0
TOP OF THE 3RD
California Angels batting - Pitching for Las Vegas Knights : LHP Christian Perino
Batting: LHB Archer Carol 0-0: Ball
1-0: Ball
2-0: Called Strike
2-1: TRIPLE (Line Drive, 78XD, EV 106.3 MPH)
Batting: RHB Jess Granberg 0-0: Foul Ball, location: 2F
0-1: Foul Ball, location: 2F
0-2: Ball
1-2: Ball
2-2: Strikes out swinging
Batting: LHB Drury Robinson 0-0: Foul Ball, location: 3FF
0-1: Swinging Strike
0-2: Fly out, F9 (Flyball, 9S, EV 75.0 MPH)
Runner from 3rd tags up, SCORES, throw by RF
Batting: RHB Isaac Keenan 0-0: Ball
1-0: Foul Ball, location: 3FF
1-1: Ball
2-1: Swinging Strike
2-2: Strikes out swinging
Top of the 3rd over - 1 run, 1 hit, 0 errors, 0 left on base; California 1 - Las Vegas 0
BOTTOM OF THE 3RD
Las Vegas Knights batting - Pitching for California Angels : RHP Ambler Bateman
Batting: LHB John LaBelle 0-0: Swinging Strike
0-1: Ball
1-1: Bunt for hit to 13 - play at first, batter OUT! 1-3
Batting: SHB Patrick Alvarez 0-0: Ground out 4-3 (Groundball, 34D, EV 105.0 MPH)
Batting: SHB David Aoki 0-0: Called Strike
0-1: Foul Ball, location: 2RF
0-2: Strikes out swinging
Bottom of the 3rd over - 0 runs, 0 hits, 0 errors, 0 left on base; California 1 - Las Vegas 0
TOP OF THE 4TH
California Angels batting - Pitching for Las Vegas Knights : LHP Christian Perino
Batting: RHB River Grote 0-0: Ball
1-0: Ball
2-0: Called Strike
2-1: Swinging Strike
2-2: Foul Ball, location: 25F
2-2: Ground out 6-3 (Groundball, 6MS, EV 84.4 MPH)
Batting: SHB Michael Dodson 0-0: Fly out, F5 (Popup, 5S, EV 70.6 MPH)
Batting: RHB Luke Storey 0-0: SINGLE (Groundball, 4MS, EV 65.6 MPH) (infield hit)
Batting: RHB Reed Sinclair 0-0: Ball
1-0: Ball
2-0: Foul Ball, location: 5DF
2-1: Foul Ball, location: 2F
2-2: Foul Ball, location: 7LDF
2-2: Fly out, F7 (Line Drive, 7, EV 95.6 MPH)
Top of the 4th over - 0 runs, 1 hit, 0 errors, 1 left on base; California 1 - Las Vegas 0
BOTTOM OF THE 4TH
Las Vegas Knights batting - Pitching for California Angels : RHP Ambler Bateman
Batting: RHB Jonathan Madriz 0-0: SOLO HOME RUN (Flyball, 9D, EV 96.9 MPH), Distance : 367 ft
Batting: RHB Tyler Sexton 0-0: Foul Ball, location: 7LMF
0-1: SINGLE (Line Drive, 9LS, EV 109.4 MPH)
Batting: SHB Cooper Maciel 0-0: Called Strike
0-1: Ball
1-1: Foul Ball, location: 2F
1-2: Ball
2-2: Ball
3-2: Foul Ball, location: 3F
3-2: Fielders Choice at 2nd, 4-6 (Groundball, 4, EV 103.8 MPH)
Batting: RHB Jackson Dziedzic 0-0: Ball
1-0: Foul Ball, location: 2F
1-1: Fly out, F9 (Flyball, 9D, EV 101.9 MPH)
Batting: RHB Richard Gittens 0-0: Called Strike
0-1: Ball
1-1: Ball
2-1: Ball
3-1: Called Strike
3-2: Foul Ball, location: 9LMF
3-2: Base on Balls
Cooper Maciel to second
Batting: RHB Sam Graham 0-0: Foul Ball, location: 3F
0-1: Fielders Choice at 2nd, 6-4 (Groundball, 6, EV 103.8 MPH)
Bottom of the 4th over - 1 run, 2 hits, 0 errors, 2 left on base; California 1 - Las Vegas 1
TOP OF THE 5TH
California Angels batting - Pitching for Las Vegas Knights : LHP Christian Perino
Batting: RHB Abraham Whiteman 0-0: Ball
1-0: DOUBLE (Groundball, 5L, EV 104.4 MPH)
Batting: LHB Archer Carol 0-0: Called Strike
0-1: Foul Ball, location: 2F
0-2: Ball
1-2: Strikes out swinging
Batting: RHB Jess Granberg 0-0: Called Strike
0-1: Swinging Strike
0-2: Strikes out swinging
Batting: LHB Drury Robinson 0-0: Ball
1-0: Foul Ball, location: 7LSF
1-1: Ball
2-1: SINGLE (Line Drive, 6M, EV 106.9 MPH)
Abraham Whiteman to third
Runner from 3rd tries for Home, SAFE, throw by CF to home
Drury Robinson to second
Batting: RHB Isaac Keenan 0-0: Called Strike
0-1: Ball
1-1: Foul Ball, location: 9LMF
1-2: Ground out 3-1 (Groundball, 34S, EV 83.1 MPH)
Top of the 5th over - 1 run, 2 hits, 0 errors, 1 left on base; California 2 - Las Vegas 1
BOTTOM OF THE 5TH
Las Vegas Knights batting - Pitching for California Angels : RHP Ambler Bateman
Batting: LHB John LaBelle 0-0: Ball
1-0: SINGLE (Groundball, 4S, EV 64.4 MPH) (infield hit)
Batting: SHB Patrick Alvarez 0-0: Ball
1-0: Called Strike
1-1: Ball
2-1: Sac Bunt to 15 - play at first, batter OUT! 1-3
John LaBelle to second
Batting: SHB David Aoki 0-0: Ball
1-0: Foul Ball, location: 2F
1-1: Ball
2-1: Fly out, F8 (Flyball, 8RD, EV 106.3 MPH)
Runner from 2nd tags up, OUT at 3rd! 8-5
Bottom of the 5th over - 0 runs, 1 hit, 0 errors, 0 left on base; California 2 - Las Vegas 1
TOP OF THE 6TH
California Angels batting - Pitching for Las Vegas Knights : LHP Christian Perino
Batting: RHB River Grote 0-0: Swinging Strike
0-1: Ball
1-1: Fly out, F7 (Flyball, 7, EV 91.3 MPH)
Batting: SHB Michael Dodson 0-0: Called Strike
0-1: Fly out, F7 (Flyball, 78XD, EV 97.5 MPH)
Batting: RHB Luke Storey 0-0: Called Strike
0-1: Foul Ball, location: 9LDF
0-2: Ground out 4-3 (Groundball, 34, EV 103.8 MPH)
Top of the 6th over - 0 runs, 0 hits, 0 errors, 0 left on base; California 2 - Las Vegas 1
BOTTOM OF THE 6TH
Las Vegas Knights batting - Pitching for California Angels : RHP Ambler Bateman
Batting: RHB Jonathan Madriz 0-0: Called Strike
0-1: Ball
1-1: Ground out 6-3 (Groundball, 56, EV 98.1 MPH)
Batting: RHB Tyler Sexton 0-0: Fly out, F8 (Flyball, 8RM, EV 91.3 MPH)
Batting: SHB Cooper Maciel 0-0: Ball
1-0: Ball
2-0: Called Strike
2-1: Ground out 4-3 (Groundball, 4S, EV 82.5 MPH)
Bottom of the 6th over - 0 runs, 0 hits, 0 errors, 0 left on base; California 2 - Las Vegas 1
TOP OF THE 7TH
California Angels batting - Pitching for Las Vegas Knights : LHP Christian Perino
Batting: RHB Reed Sinclair 0-0: Called Strike
0-1: Ball
1-1: Fly out, F9 (Flyball, 9D, EV 102.5 MPH)
Batting: RHB Abraham Whiteman 0-0: Ball
1-0: Ball
2-0: Foul Ball, location: 25FF
2-1: Foul Ball, location: 2F
2-2: Strikes out swinging
Batting: LHB Archer Carol 0-0: Ball
1-0: Foul Ball, location: 7LSF
1-1: Foul Ball, location: 2F
1-2: Ball
2-2: Ground out 4-3 (Groundball, 34D, EV 101.3 MPH)
Top of the 7th over - 0 runs, 0 hits, 0 errors, 0 left on base; California 2 - Las Vegas 1
BOTTOM OF THE 7TH
Las Vegas Knights batting - Pitching for California Angels : RHP Ambler Bateman
Now at 3B: Skyler Angelillo
Now in LF: Tracy Dyer
Batting: RHB Jackson Dziedzic 0-0: Called Strike
0-1: Foul Ball, location: 25FF
0-2: Foul Ball, location: 2F
0-2: Ball
1-2: Ball
2-2: Fly out, F9 (Flyball, 9LS, EV 91.9 MPH)
Pinch Hitting: SHB Craig Boisselle 0-0: Called Strike
0-1: Ball
1-1: Swinging Strike
1-2: Strikes out swinging
Batting: RHB Sam Graham 0-0: Called Strike
0-1: Ball
1-1: Ball
2-1: Called Strike
2-2: Ball
3-2: Strikes out looking
Bottom of the 7th over - 0 runs, 0 hits, 0 errors, 0 left on base; California 2 - Las Vegas 1
TOP OF THE 8TH
California Angels batting - Pitching for Las Vegas Knights : LHP Christian Perino
Now at 1B: Craig Boisselle
Now at 3B: Cooper Maciel
Batting: RHB Jess Granberg 0-0: Ball
1-0: Called Strike
1-1: Ball
2-1: DOUBLE (Line Drive, 89M, EV 78.8 MPH)
Pitching: RHP William Britt
Pinch Runner at 2nd Adrian Phillips:
Batting: LHB Drury Robinson 0-0: Ball
1-0: Ball
2-0: Ground out 6-3 (Groundball, 6M, EV 105.6 MPH)
Batting: RHB Isaac Keenan 0-0: Called Strike
0-1: Called Strike
0-2: Strikes out swinging
Batting: RHB River Grote 0-0: Ball
1-0: Fly out, F9 (Flyball, 9, EV 91.9 MPH)
Top of the 8th over - 0 runs, 1 hit, 0 errors, 1 left on base; California 2 - Las Vegas 1
BOTTOM OF THE 8TH
Las Vegas Knights batting - Pitching for California Angels : RHP Ambler Bateman
Now at 1B: Adrian Phillips
Batting: LHB John LaBelle 0-0: Ball
1-0: Called Strike
1-1: Called Strike
1-2: Ground out 4-3 (Groundball, 4, EV 81.3 MPH)
Batting: SHB Patrick Alvarez 0-0: Ball
1-0: Swinging Strike
1-1: Ball
2-1: Ball
3-1: Called Strike
3-2: Strikes out swinging
Pinch Hitting: RHB Nick Sullivan 0-0: Ball
1-0: Called Strike
1-1: SINGLE (Line Drive, 8LS, EV 98.8 MPH)
Pitching: RHP Patrick Class
Batting: RHB Jonathan Madriz 0-0: Ground out 4-3 (Groundball, 4, EV 93.1 MPH)
Bottom of the 8th over - 0 runs, 1 hit, 0 errors, 1 left on base; California 2 - Las Vegas 1
TOP OF THE 9TH
California Angels batting - Pitching for Las Vegas Knights : RHP William Britt
Pitching: RHP Stan DeGroat
Now at SS: Asok Abhijata
Batting: LHB Tracy Dyer 0-0: Ground out 3-1 (Groundball, 34, EV 92.5 MPH)
Batting: RHB Luke Storey 0-0: Foul Ball, location: 2F
0-1: SINGLE (Line Drive, 6MD, EV 66.3 MPH)
Batting: RHB Reed Sinclair 0-0: Ball
1-0: Fly out, F8 (Flyball, 8LD, EV 92.5 MPH)
Batting: LHB Skyler Angelillo 0-0: Fielders Choice at 2nd, 5-6 (Groundball, 6, EV 90.0 MPH)
Top of the 9th over - 0 runs, 1 hit, 0 errors, 1 left on base; California 2 - Las Vegas 1
BOTTOM OF THE 9TH
Las Vegas Knights batting - Pitching for California Angels : RHP Patrick Class
Batting: RHB Tyler Sexton 0-0: Ball
1-0: Called Strike
1-1: Called Strike
1-2: Strikes out looking
Batting: SHB Cooper Maciel 0-0: Ball
1-0: Called Strike
1-1: Called Strike
1-2: Strikes out swinging
Batting: RHB Jackson Dziedzic 0-0: Ball
1-0: Swinging Strike
1-1: Swinging Strike
1-2: Strikes out swinging
Bottom of the 9th over - 0 runs, 0 hits, 0 errors, 0 left on base; California 2 - Las Vegas 1
Thursday, May 9th , 2024 - OOTP Baseball 24.11 Build 85